 Dungeon Crawl Stone Soup version 0.23-a0-79-gaa8cc03 (webtiles) character file.

118 Kikal the Ruffian (level 4, -1/35 HPs)
             Began as a Mummy Monk on Aug 11, 2018.
             Was a Follower of Trog.
             Slain by an orc
             ... wielding a +4 whip
              (3 damage)
             ... on level 4 of the Dungeon.
             The game lasted 00:08:46 (3170 turns).

Kikal the Ruffian (Mummy Monk)                      Turns: 3170, Time: 00:08:47

Health: -1/35      AC:  5    Str: 15    XL:     4   Next: 72%
Magic:  4/4        EV: 11    Int:  9    God:    Trog [*.....]
Gold:   141        SH:  3    Dex: 14    Spells: 3/3 levels left

rFire    x . .     SeeInvis .     - Unarmed
rCold    + . .     Gourm    .   c - +0 buckler
rNeg     + + +     Faith    .   b - +0 ring mail
rPois    ∞         Spirit   .   (no helmet)
rElec    .         Reflect  .   (no cloak)
rCorr    .         Harm     .   (no gloves)
MR       ++...                  (no boots)
Stlth    +.........             (no amulet)
HPRegen  1.11/turn              (no ring)
MPRegen  0.09/turn              (no ring)

@: regenerating
A: no food or potions, fire vulnerability, cold resistance 1, negative energy
resistance 3, torment resistance, unbreathing
a: Renounce Religion


You were on level 4 of the Dungeon.
You worshipped Trog.
Trog was aware of your devotion.
You were not hungry.

You visited 1 branch of the dungeon, and saw 4 of its levels.

You collected 141 gold pieces.

Inventory:

Hand Weapons
 h - a +0 hunting sling
 l - a +1 dagger of draining
Missiles
 f - 7 javelins
 g - 197 stones (quivered)
 i - 14 sling bullets
 m - 3 poisoned tomahawks
 n - 12 tomahawks
Armour
 a - a +0 robe
 b - a +0 ring mail (worn)
 c - a +0 buckler (worn)
Jewellery
 j - an uncursed amulet of regeneration {unknown}
Scrolls
 d - 2 scrolls of identify {unknown}
 e - 2 scrolls of fog {unknown}
 k - 2 scrolls of teleportation {unknown}


   Skills:
 - Level 3.0 Fighting
 - Level 1.4 Armour
 - Level 2.4 Dodging
 - Level 1.5 Stealth
 + Level 0.3 Shields
 * Level 4.1 Unarmed Combat


You had 3 spell levels left.
You didn't know any spells.
Your spell library was empty.

Dungeon Overview and Level Annotations

Branches:
Dungeon (4/15)
 Temple: D:4-7

Altars:
Trog


Innate Abilities, Weirdness & Mutations

You do not eat or drink.
Your flesh is vulnerable to fire.
You are immune to poison.
Your flesh is cold resistant. (rC+)
You are immune to negative energy. (rN+++)
You are immune to unholy pain and torment.
You can survive without breathing.


Message History

You hit the orc wizard. You block the orc's attack.
The orc wizard gestures at you while chanting.
The magic dart hits you!
* * * LOW HITPOINT WARNING * * *
You block the orc's attack. You block something's attack.
You take 8 damage, and have 5/35 hp.
MASSIVE DAMAGE!!
You miss the orc wizard.
The orc hits you with an enchanted whip.
* * * LOW HITPOINT WARNING * * *
The orc wizard barely misses you.
You barely miss the orc wizard. Something hits you but does no damage.
The orc completely misses you.
The orc hits you with an enchanted whip.
* * * LOW HITPOINT WARNING * * *
You take 4 damage, and have 1/35 hp.
You hit the orc wizard but do no damage.
You feel the effects of Trog's Hand fading.
You block the orc wizard's attack. Something hits you but does no damage.
The orc hits you with an enchanted whip.
You die...

#.###. ...... #.# #.
#......... #.###.
........# #.#... .......
# #.#.## .......# #
#.#.# ..#.#.#.# #.#.#
#.#{o...# #.#.# ##.#@#.#
#.#.# #..oo..# #.#.#
#..##### #.#.# #..#
#.#<#
#####..#############.###
.......................#
.#######################


You could see an orc wizard and 2 orcs.

Vanquished Creatures
  Robin (D:2)
  2 adders (D:3)
  An ooze (D:1)
  2 dart slugs
  A leopard gecko (D:3)
  5 orcs (D:3)
  3 giant cockroaches
  19 goblins
  12 hobgoblins
  4 jackals (D:3)
  5 kobolds
  6 bats
  2 frilled lizards
  3 rats (D:1)
66 creatures vanquished.

Notes
Turn   | Place    | Note
-------+----------+-------------------------------------------
     0 | D:1      | Kikal the Mummy Monk began the quest for the Orb.
     0 | D:1      | Reached XP level 1. HP: 18/18 MP: 1/1
   361 | D:1      | Reached XP level 2. HP: 24/24 MP: 2/2
   369 | D:1      | Reached skill level 3 in Unarmed Combat
  1235 | D:2      | Reached XP level 3. HP: 28/29 MP: 3/3
  1403 | D:2      | Noticed Robin
  1420 | D:2      | Killed Robin
  1644 | D:3      | Reached skill level 1 in Armour
  2074 | D:3      | Reached XP level 4. HP: 34/35 MP: 4/4
  2371 | D:3      | Reached skill level 4 in Unarmed Combat
  2548 | D:3      | Found a bloodstained altar of Trog.
  3061 | D:3      | Became a worshipper of Trog the Wrathful
  3061 | D:3      | Reached * piety under Trog
  3061 | D:3      | Reached ** piety under Trog
  3081 | D:4      | Noticed an ogre
  3169 | D:4      | HP: 1/35 [orc/enchanted whip (5)]
  3170 | D:4      | Slain by an orc

Vault maps used:
D:1:      minmay_arrival_floating_metal
D:2:      first_ration, item_on_display_a, uniq_robin
D:3:      trog_hazing_becter
D:4:      temple_green, lightli_ossuary_entry_decrepit_ruins, uniq_purgy,
          uniq_grinder

Skill      XL: |  1  2  3  4 |
---------------+-------------+-----
Unarmed Combat | 3 4 |  4.1
Armour         | 1 |  1.4
Fighting       | |  3.0
Dodging        | |  2.4
Stealth        | |  1.5
Shields        | |  0.3

Action                   |  1- 3 |  4- 6 || total
-------------------------+-------+-------++-------
Melee: Unarmed           |   157 |   106 ||   263
       Dagger            |       |    19 ||    19
 Fire: Hunting sling     |     4 |     3 ||     7
Throw: Stone             |       |    14 ||    14
Invok: Trog's Hand       |       |     1 ||     1
 Stab: Sleeping          |     2 |       ||     2
Armor: Robe              |    11 |       ||    11
       Ring mail         |    33 |    51 ||    84
Dodge: Dodged            |   101 |    86 ||   187
Block: Buckler           |    26 |    21 ||    47

Table legend:
 A = Non-vault XP
 B = Vault XP
 C = Vault XP percentage of total XP
 D = Non-vault monster count
 E = Vault monster count
 F = Vault count percentage of total count
 G = Total turns spent on level
                 A         B        C        D         E       F
            +---------+---------+-------+---------+---------+-------
      Total |     121 |      48 |  28.4 |      48 |      18 |  27.3
            +---------+---------+-------+---------+---------+-------
        D:1 |      34 |       0 |   0.0 |      16 |       0 |   0.0
        D:2 |      17 |      29 |  63.0 |      10 |       8 |  44.4
        D:3 |      70 |      19 |  21.3 |      22 |      10 |  31.2
            +---------+---------+-------+---------+---------+-------
